 Dungeon Crawl Stone Soup version 0.20.1-1-g8b1a95d (webtiles) character file.

65 tamerofbeasts the Ruffian (level 3, 0/28 HPs)
             Began as a Draconian Transmuter on Nov 16, 2017.
             Succumbed to an adder's poison
             ... on level 2 of the Dungeon.
             The game lasted 00:06:13 (2357 turns).

tamerofbeasts the Ruffian (Draconian Transmuter)    Turns: 2357, Time: 00:06:14

Health: 0/28       AC:  5    Str: 13    XL:     3   Next: 94%
Magic:  6/6        EV: 11    Int: 13    God:
Gold:   56         SH:  3    Dex: 11    Spells: 5/6 levels left

rFire    . . .     SeeInvis .   q - +0 falchion
rCold    . . .     Gourm    .   m - +0 buckler
rNeg     . . .     Faith    .   (armour unavailable)
rPois    .         Spirit   .   (helmet restricted)
rElec    .         Reflect  .   (no cloak)
rCorr    .         Harm     .   (no gloves)
MR       .....                  (no boots)
Stlth    +.........             (no amulet)
Regen    0.1/turn               (no ring)
MPRegen  0.1/turn               (no ring)

@: lethally poisoned (0 -> -3)
A: unfitting armour, cold-blooded, AC +5
a: no special abilities


You were on level 2 of the Dungeon.
You were not hungry.

You visited 1 branch of the dungeon, and saw 2 of its levels.

You collected 56 gold pieces.

Inventory:

Hand Weapons
 d - a +0 short sword
 h - a +0 spear
 q - a +0 falchion (weapon)
Missiles
 a - 12 arrows
Armour
 m - a +0 buckler (worn)
Jewellery
 c - an uncursed ring of stealth {unknown}
Scrolls
 i - a scroll of magic mapping {unknown}
 k - a scroll of recharging {unknown}
 l - a scroll of identify {unknown}
 n - a scroll of remove curse {unknown}
Potions
 e - a potion of brilliance {unknown}
 f - a potion of curing {unknown}
 g - a potion of haste {unknown}
 j - a potion of lignification {unknown}
 p - a potion of mutation {unknown}
Books
 b - a book of Changes

   Spells                             Type                      Level
   a - Beastly Appendage              Transmutation                1
   b - Sticks to Snakes               Transmutation                2
   c - Spider Form                    Transmutation/Poison         3
   d - Ice Form                       Ice/Transmutation            4
   e - Blade Hands                    Transmutation                5
Comestibles
 o - a meat ration


   Skills:
 + Level 1.3 Fighting
 + Level 1.0 Short Blades
 + Level 2.0 Polearms
 + Level 2.4 Dodging
 + Level 0.2 Stealth
 + Level 3.2 Unarmed Combat
 + Level 2.1 Spellcasting
 + Level 2.0 Transmutations


You had 5 spell levels left.
You knew the following spells:

 Your Spells              Type           Power        Failure   Level  Hunger
a - Beastly Appendage     Tmut           #.....       19%         1    ##.....


Dungeon Overview and Level Annotations

Branches:
Dungeon (2/15)

Altars:


Innate Abilities, Weirdness & Mutations

Your plain brown scales are hard. (AC +5)
You cannot fit into any form of body armour.
You are cold-blooded and may be slowed by cold attacks.


Message History

You feel sick. The adder bites you.
* * * LOW HITPOINT WARNING * * *
You hit the adder.
You kill the adder!
Your Polearms skill increases to level 2!
* * * LOW HITPOINT WARNING * * *
You feel sick. The goblin barely misses you.
You hit the goblin but do no damage. The goblin hits you but does no damage.
You barely miss the goblin.
* * * LOW HITPOINT WARNING * * *
You feel sick. The goblin completely misses you. The goblin barely misses you.
You hit the goblin. You headbutt the goblin.
You kill the goblin!
Your horns disappear.
* * * LOW HITPOINT WARNING * * *
You feel sick.
* * * LOW HITPOINT WARNING * * *
You feel sick.
There is a lethal amount of poison in your body!
You die...

######...###[.....
..........####.###
...............#
#####.....#.####
#........##.#
#.#####..##.#
#.##.....##.#
#.#####.##.###.##.#
#......@...# #.##.#
#######.#..# #.##.#
####.#..###.#
#....)......#
#....##.#####
#.....#...
.......#####
...#.....#
##.#....##


There were no monsters in sight!

Vanquished Creatures
  An adder (D:2)
  An ooze (D:1)
  A worm (D:2)
  A dart slug (D:1)
  A leopard gecko (D:1)
  2 giant cockroaches (D:1)
  8 goblins
  4 hobgoblins (D:1)
  6 jackals (D:1)
  5 kobolds (D:1)
  A quokka (D:2)
  4 bats
  2 frilled lizards (D:1)
  6 rats (D:1)
43 creatures vanquished.

Notes
Turn   | Place    | Note
-------+----------+-------------------------------------------
     0 | D:1      | tamerofbeasts the Draconian Transmuter began the quest for the Orb.
     0 | D:1      | Reached XP level 1. HP: 16/16 MP: 3/3
   639 | D:1      | Reached XP level 2. HP: 11/23 MP: 5/5
   975 | D:1      | Reached skill level 1 in Short Blades
  1025 | D:1      | Reached skill level 1 in Polearms
  1059 | D:1      | Reached XP level 3. HP: 6/28 MP: 6/6
  2353 | D:2      | HP: 1/28 [poisoned by an adder]
  2357 | D:2      | Succumbed to an adder's poison

Skill      XL: |  1  2  3 |
---------------+----------+-----
Dodging        | 2 |  2.4
Short Blades   | 1 |  1.0
Polearms       | 1 2 |  2.0
Fighting       | |  1.3
Stealth        | |  0.2
Unarmed Combat | |  3.2
Spellcasting   | |  2.1
Transmutations | |  2.0

Action                   || total
-------------------------++-------
Melee: Short sword       ||    14
       Spear             ||   148
       Tailslap          ||    17
       Punch             ||     1
       Falchion          ||    19
       Headbutt          ||     1
 Cast: Beastly Appendage ||     1
 Stab: Sleeping          ||     2
  Eat: Bread ration      ||     1
       Royal jelly       ||     1
Armor: Skin              ||    99
Dodge: Dodged            ||   172
Block: Buckler           ||     3
       Rpst.: Falchion   ||     4
